 Dungeon Crawl Stone Soup version 0.27.0-1-g7a089689b8 (webtiles) character file.

Game seed: 1475264404944981638

9258 ZombieSheep the Thrower (level 11, -1/109 HPs)
             Began as a Troll Hunter on Aug 1, 2021.
             Was a Believer of Ru.
             Slain by a yak (3 damage)
             ... on level 1 of the Lair of Beasts.
             The game lasted 00:29:07 (8272 turns).

ZombieSheep the Thrower (Troll Hunter)              Turns: 8272, Time: 00:29:08

Health: -1/109     AC:  9    Str: 22    XL:     11   Next: 20%
Magic:  10/10      EV: 12    Int:  7    God:    Ru [**....]
Gold:   648        SH:  5    Dex: 13    Spells: 10/10 levels left

rFire    + . .     SeeInvis .     - Unarmed
rCold    . . .     Faith    .   (no shield)
rNeg     . . .     Spirit   .   q - +0 steam dragon scales
rPois    +         Reflect  +   (helmet restricted)
rElec    .         Harm     .   w - +1 cloak {rPois}
rCorr    +         Rampage  .   (gloves unavailable)
Will     .....                  (boots unavailable)
Stlth    ..........             a - amulet of reflection
HPRegen  1.28/turn              u - ring of protection from fire
MPRegen  0.12/turn              E - ring of resist corrosion

@: about to teleport
A: large, unfitting armour, claws 3, regeneration 1, shaggy fur 1, tough skin 1,
no stealth, no fire magic, no summoning magic, no transmutations magic
a: Renounce Religion


You were on level 1 of the Lair of Beasts.
You worshipped Ru.
Ru was pleased with you.
You visited 3 branches of the dungeon, and saw 12 of its levels.

You collected 648 gold pieces.

Inventory:

Hand Weapons
 b - a +0 hand axe of flaming
Missiles
 c - 3 large rocks
 d - 3 throwing nets
 A - 16 boomerangs (quivered)
Armour
 k - a +1 robe of fire resistance
 q - +0 steam dragon scales (worn)
 w - a +1 cloak of poison resistance (worn)
 B - a +2 cloak
 C - a scarf of repulsion
Jewellery
 a - an amulet of reflection (around neck)
 o - the ring "Zargh" {Ice Fly rN+ Int-5 Dex+10}
   (You acquired it on level 6 of the Dungeon)

   [ring of ice]

   It enhances your ice magic.
   Int:       It affects your intelligence (-5).
   Dex:       It affects your dexterity (+10).
   rF:        It makes you vulnerable to fire.
   rC:        It protects you from cold.
   rN:        It protects you from negative energy.
   Fly:       It grants you flight.
 u - a ring of protection from fire (left claw)
 E - a ring of resist corrosion (right claw)
Wands
 h - a wand of mindburst (21)
 n - a wand of acid (4)
 p - a wand of flame (9)
 s - a wand of iceblast (15)
 D - a wand of polymorph (10)
Scrolls
 f - 3 scrolls of identify
 i - 4 scrolls of torment
 l - 2 scrolls of enchant armour
 y - a scroll of magic mapping
Potions
 g - 4 potions of brilliance
 j - 3 potions of berserk rage
 m - a potion of haste
 r - 2 potions of curing
 t - 3 potions of magic


   Skills:
 + Level 7.4 Fighting
 * Level 2.2 Axes
 + Level 8.8 Throwing
 + Level 2.0 Armour
 + Level 7.4 Dodging
 - Level 8.3 Unarmed Combat


You had 10 spell levels left.
You didn't know any spells.
Your spell library contained the following spells:

 Spells                   Type           Power      Damage    Failure   Level
 Animate Skeleton         Necr           0%         N/A       43%         1
 Pain                     Necr           0%         1d4       43%         1
 Mephitic Cloud           Conj/Pois/Air  0%         N/A       80%         3
 Portal Projectile        Hex/Tloc       0%         N/A       80%         3
 Vampiric Draining        Necr           0%         2d6       80%         3
 Hailstorm                Conj/Ice       0%         3d3       99%         4
 Leda's Liquefaction      Hex/Erth       0%         N/A       99%         4
 Simulacrum               Ice/Necr       0%         N/A       100%        6
 Orb of Destruction       Conj           0%         N/A       100%        7
 Summon Small Mammal      Summ           Unusable   N/A       N/A         1
 Call Canine Familiar     Summ           Unusable   N/A       N/A         3
 Ignite Poison            Fire/Tmut/Pois Unusable   N/A       N/A         3
 Summon Guardian Golem    Hex/Summ       Unusable   N/A       N/A         3
 Ice Form                 Ice/Tmut       Unusable   N/A       N/A         4
 Bolt of Magma            Conj/Fire/Erth Unusable   4d4       N/A         5
 Spellforged Servitor     Conj/Summ      Unusable   N/A       N/A         7

Dungeon Overview and Level Annotations

Branches:
Dungeon (10/15)            Temple (1/1) D:6            Lair (1/6) D:9
    Orc (0/2) D:9

Altars:
Ashenzari
Cheibriados
Dithmenos
Elyvilon
Gozag
Hepliaklqana
Kikubaaqudgha
Nemelex Xobeh
Okawaru
Qazlal
Ru
Sif Muna
Trog
Uskayaw
Vehumet
Wu Jian
Xom
Yredelemnul
Zin

Portals:
Trove: D:10 (give +4 storm dragon scales)


Innate Abilities, Weirdness & Mutations

You are too large for most types of armour.
You have claws for hands.
Your natural rate of healing is unusually fast.
You are covered in fur. (AC +1)
You have tough skin. (AC +1)
You cannot be stealthy.
You cannot study or cast Fire magic.
You cannot study or cast Summoning magic.
You cannot study or cast Transmutations magic.


Message History

The yak gores you but does no damage. The yak gores you!
The basilisk bites you but does no damage.
The yak gores you. The yak gores you. The basilisk gazes at you.
The yak gores you!
* * * LOW HITPOINT WARNING * * *
You turn to flesh and can move again.
You mangle the basilisk!!
You kill the basilisk!
The yak is stunned by your conviction and fails to attack.
The yak barely misses you.
Your Armour skill increases to level 2!
As you read the scroll of teleportation, it crumbles to dust.
You feel strangely unstable. The yak gores you but does no damage.
The yak misses you.
You redirect the polar bear's attack!
The polar bear completely misses you.
The polar bear claws you but does no damage.
You block the polar bear's attack.
You closely miss the polar bear.
The yak stops glowing.
The yak gores you!
* * * LOW HITPOINT WARNING * * *
You block the yak's attack. The polar bear completely misses you.
The polar bear barely misses you.
The polar bear claws you but does no damage.
You claw the polar bear!
The polar bear is lightly wounded.
The yak closely misses you. You block the polar bear's attack.
The polar bear closely misses you. The polar bear claws you.
* * * LOW HITPOINT WARNING * * *
The yak gores you!
* * * LOW HITPOINT WARNING * * *
You feel better. The yak gores you but does no damage.
The polar bear bites you!
* * * LOW HITPOINT WARNING * * *
The polar bear closely misses you.
The polar bear claws you but does no damage.
The yak gores you.
You die...

..#......#...#..........#...+ .
.........#.(.+.............# #+.
..###.#.##...##.##+##+.##..####.#
.................................
.................................
.........>.......................
....................†............
..##....#......####.##...........
..#.....#......#@Y.........####+.
..#.....+......#hY...#.....# #
..#..................#.....#
..#.....#......#.....#.....P#
........#......P...........##
..#.....#..................#
..#.....#......#.....#.....#
..#.....P......+.....#......
..P†##..P.........####.....##


You could see a polar bear and 2 yaks.

Vanquished Creatures
  A centaur warrior (D:9)
  A two-headed ogre (D:10)
  A manticore (D:9)
  Maggie (D:6)
  An unseen horror (D:10)
  3 trolls (D:9)
  A hornet (D:9)
  Prince Ribbit (D:8)
  A wraith (D:9)
  5 yaks
  A basilisk (Lair:1)
  3 vampire mosquitoes (D:10)
  A steam dragon (D:10)
  3 water moccasins
  A black bear (D:7)
  5 orc warriors
  An ice beast (D:7)
  A hornet zombie (D:6)
  An ogre (Temple)
  3 necrophages
  5 centaurs
  2 kobold brigands
  A gnoll sergeant (D:9)
  7 bullfrogs
  5 scorpions
  A water moccasin zombie (D:5)
  5 killer bees (D:9)
  An electric eel (D:9)
  4 howler monkeys
  A wight (D:9)
  4 centaur zombies
  2 jellies
  Crazy Yiuf (D:6)
  A bullfrog zombie (D:6)
  A centaur skeleton (D:7)
  3 bullfrog skeletons
  9 orc priests
  An iguana (D:5)
  Jessica (D:3)
  A scorpion zombie (D:5)
  11 orc wizards
  2 killer bee zombies
  A hound zombie (D:5)
  2 howler monkey zombies (D:9)
  4 adders
  A howler monkey skeleton (D:6)
  2 shadow imps
  An adder skeleton (D:4)
  3 worms
  2 dart slugs
  39 orcs
  6 ball pythons
  4 endoplasms
  2 giant cockroaches (D:1)
  10 goblins
  2 hobgoblins (D:1)
  11 jackals
  3 quokkas
  4 bats
  9 frilled lizards
  8 kobolds
  2 rats (D:1)
221 creatures vanquished.

Vanquished Creatures (others)
  A centaur (D:10)
  An endoplasm (D:4)
  9 plants
11 creatures vanquished.

Grand Total: 232 creatures vanquished

Notes
Turn   | Place    | Note
-------+----------+-------------------------------------------
     0 | D:1      | ZombieSheep the Troll Hunter began the quest for the Orb.
     0 | D:1      | Reached XP level 1. HP: 19/19 MP: 0/0
    47 | D:1      | Reached XP level 2. HP: 19/28 MP: 1/1
   323 | D:1      | Reached skill level 1 in Unarmed Combat
   365 | D:1      | Found a faded altar of an unknown god.
   368 | D:1      | Reached XP level 3. HP: 35/35 MP: 2/2
   380 | D:1      | Got Plato's Disquisition on the Escort
  1247 | D:3      | Reached XP level 4. HP: 42/42 MP: 3/3
  1500 | D:3      | Noticed a centaur
  1507 | D:3      | Killed a centaur
  1508 | D:3      | Reached XP level 5. HP: 42/50 MP: 4/4
  1620 | D:3      | Noticed Jessica
  1622 | D:3      | Killed Jessica
  1796 | D:4      | Reached XP level 6. HP: 18/59 MP: 5/5
  2543 | D:5      | Entered Level 5 of the Dungeon
  2623 | D:5      | Reached XP level 7. HP: 54/67 MP: 6/6
  2644 | D:5      | Reached skill level 5 in Throwing
  3556 | D:5      | Reached XP level 8. HP: 63/78 MP: 7/7
  3652 | D:6      | Found a staircase to the Ecumenical Temple.
  3666 | Temple   | Entered the Ecumenical Temple
  3706 | Temple   | Became a worshipper of Ru the Awakened
  3810 | D:6      | Noticed Maggie
  3824 | D:6      | Killed Maggie
  3825 | D:6      | Reached skill level 5 in Unarmed Combat
  3917 | D:6      | Reached skill level 5 in Fighting
  3917 | D:6      | Reached skill level 5 in Dodging
  4268 | D:6      | Found a runed translucent door.
  4269 | D:6      | Noticed Crazy Yiuf
  4276 | D:6      | Killed Crazy Yiuf
  4349 | D:6      | Identified a scroll of acquirement
  4349 | D:6      | Acquired the ring "Zargh" {Ice Fly rN+ Int-5 Dex+10}
  4378 | D:7      | Reached XP level 9. HP: 88/88 MP: 8/8
  4591 | D:7      | Found an ancient bone altar of Kikubaaqudgha.
  4742 | D:7      | Gained mutation: You cannot be stealthy. [Ru sacrifice]
  4938 | D:8      | Noticed Prince Ribbit
  4942 | D:8      | Killed Prince Ribbit
  5365 | D:9      | Found a staircase to the Lair.
  5566 | D:9      | Reached XP level 10. HP: 38/98 MP: 9/9
  5695 | D:9      | Noticed a centaur warrior
  5731 | D:9      | Killed a centaur warrior
  5985 | D:9      | Noticed a manticore
  5995 | D:9      | Killed a manticore
  6255 | D:9      | Found a staircase to the Orcish Mines.
  7039 | D:9      | Reached skill level 1 in Armour
  7082 | D:9      | Gained mutation: You cannot study or cast Fire magic. [Ru
                  | sacrifice]
  7082 | D:9      | Gained mutation: You cannot study or cast Transmutations
                  | magic. [Ru sacrifice]
  7082 | D:9      | Gained mutation: You cannot study or cast Summoning magic.
                  | [Ru sacrifice]
  7082 | D:9      | Reached * piety under Ru
  7082 | D:9      | Reached ** piety under Ru
  7270 | D:10     | Entered Level 10 of the Dungeon
  7326 | D:10     | Found a portal to a secret trove of treasure.
  7372 | D:10     | Reached skill level 1 in Axes
  7372 | D:10     | Reached XP level 11. HP: 57/109 MP: 10/10
  7449 | D:10     | Found a faded altar of an unknown god.
  7449 | D:10     | Found a faded altar of an unknown god.
  7455 | D:10     | Found an ornate altar of the Wu Jian Council.
  7457 | D:10     | Found a broken altar of Ashenzari.
  7459 | D:10     | Found a shimmering blue altar of Sif Muna.
  7502 | D:10     | Noticed a two-headed ogre
  7516 | D:10     | Killed a two-headed ogre
  8116 | Lair:1   | Entered Level 1 of the Lair of Beasts
  8271 | Lair:1   | HP: 4/109 [yak (14)]
  8272 | Lair:1   | Slain by a yak

Illustrated notes

Levels and vault maps discovered:
D:1:      minmay_arrival_doors, layout_basic,
          shapermc_ecumenical_altar_rom_forum, minmay_domino_2
D:2:      layout_basic, minmay_fountain_box
D:3:      layout_loops_ring, uniq_jessica
D:4:      layout_gridville, minmay_door_square, lexackson_kobold_supper
D:5:      layout_basic, corexii_leaking_fountain, serial_bayou_pond_d,
          patterned_corridor
D:6:      layout_basic, minmay_temple_entry_wispy, uniq_crazy_yiuf_cottage,
          uniq_maggie
D:7:      layout_rooms, nicolae_kikubaaqudgha_miasma_corner
D:8:      layout_rooms, uniq_prince_ribbit1
D:9:      minmay_the_grid_octo_tiled_squarecenter
          [minmay_the_grid_octo_tetromino_candy, minmay_the_grid_octo_pinwheel,
          minmay_the_grid_octo_fat_diamond, minmay_the_grid_octo_concentric,
          minmay_the_grid_square_5x5_megaprize_hollow,
          minmay_the_grid_square_5x5_seven, minmay_the_grid_square_5x5_slash,
          minmay_the_grid_square_5x5_three,
          minmay_the_grid_square_5x5_shuriken], layout_long_grid,
          lair_entry_dummy, orc_0_dummy, minivault_4
D:10:     layout_cave_pools, chequers_temple_overflow_minitemple,
          nicolae_trove_entry_diagonal, nicolae_twisting_strands,
          lemuel_flamethrower_2
Temple:   compressed_dpeg_circular_temple
Lair:1:   layout_regular_city

Skill      XL: |  1  2  3  4  5  6  7  8  9 10 11 |
---------------+----------------------------------+-----
Unarmed Combat | 1 2 3 4 5 7 8 |  8.3
Dodging        | 2 3 4 5 6 7 |  7.4
Fighting       | 2 3 4 5 6 7 |  7.4
Throwing       | 4 5 6 7 8 |  8.8
Armour         | 1 2 |  2.0
Axes           | 1 2 |  2.2

Action                   |  1- 3 |  4- 6 |  7- 9 | 10-12 || total
-------------------------+-------+-------+-------+-------++-------
Melee: Unarmed           |   115 |   156 |   348 |   236 ||   855
       Punch             |       |     4 |     9 |     6 ||    19
Throw: Large rock        |       |     3 |     5 |     4 ||    12
       Throwing net      |       |       |     6 |       ||     6
       Boomerang         |       |       |       |     1 ||     1
Invok: Sacrifice Stealth |       |       |     1 |       ||     1
       Sacrifice Arcana  |       |       |       |     1 ||     1
Evoke: Wand              |       |       |       |     2 ||     2
  Use: Scroll            |     2 |     7 |     8 |     6 ||    23
       Potion            |       |       |       |     4 ||     4
 Stab: Sleeping          |     1 |     2 |     1 |       ||     4
       Held in net/web   |       |       |     1 |       ||     1
Armor: Robe              |    37 |    29 |    34 |       ||   100
       Steam dragon scal |       |       |    55 |    85 ||   140
Dodge: Dodged            |    50 |    56 |   138 |   140 ||   384
       Repelled          |       |       |       |     1 ||     1
Block: Other             |    13 |    22 |    65 |    59 ||   159
       Reflection        |       |     3 |     3 |     4 ||    10
